AoeStats
← cgho

Black Forest

509309983Analyzed
4v4 RM · 5d ago on Sep 26, 2026· 49m 45s· 8 players
Game mode
Random Map
Map size
Large (8 player)
Population
200
Speed
Normal
Resources
Standard
Victory
Conquest
Starting age
Dark Age
Ending age
Imperial Age
RankedLock teamsTeams togetherTeam positionsShared explorationLock speedFull tech treeHidden civsTurbo modeCheats
Victory
Defeat
🇭🇰 Mongols · Hong Kong SAR China
1351
+12
🇮🇳 Bohemians · India
1274
+15
🇨🇳 Hindustanis · China
1274
+15
🇹🇼 Huns · Taiwan
1236
+17
🇺🇸 Teutons · United States
1329
-19
🇪🇸 Bengalis · Spain
1266
-15
🇨🇳 Saxons · China
1225
-13
🇨🇳 Danes · China
1191
-12
Øa10ŚūnyaØx
0:51 Loom
11:31 Feudal Age
17:02 Castle Age
15:03 Double-Bit Axe
15:23 Horse Collar
16:35 Fishing Lines
19:21 Bow Saw
21:06 Wheelbarrow
21:08 Fervor
23:14 Fletching
23:59 Sanctity
30:42 Imperial Age
27:47 Pikeman
28:28 Squires
28:53 Scale Mail Armor
30:10 Forging
30:16 Chain Mail Armor
31:09 Halberdier
32:10 Hand Cart
33:08 Conscription
34:36 Plate Mail Armor
34:42 Iron Casting
34:28 Bodkin Arrow
36:15 Wagenburg Tactics
36:38 Arson
39:47 Chemistry
38:34 Arrowslits
38:53 Padded Archer Armor
38:54 Bracer
40:01 Blast Furnace
38:43 Elite Skirmisher
40:12 Leather Archer Armor
41:26 Ballistics
41:13 Siege Engineers
41:41 Ring Archer Armor
43:25 Heavy Plow
43:30 Caravan
45:43 Two-Man Saw
47:46 Blast Furnace
48:51 Houfnice
韓國魚
2:12 Loom
13:10 Feudal Age
17:14 Castle Age
15:22 Fishing Lines
15:41 Double-Bit Axe
18:12 Bow Saw
22:48 Gillnets
28:00 Gold Mining
28:03 Stone Mining
32:34 Imperial Age
30:27 Forging
30:23 Scale Barding Armor
31:13 Bloodlines
31:03 Husbandry
31:49 Wheelbarrow
31:02 Town Watch
32:16 Iron Casting
31:42 Light Cavalry
32:46 Chain Barding Armor
33:10 Gold Shaft Mining
35:05 Blast Furnace
33:29 Cavalier
34:31 Conscription
35:16 Two-Man Saw
33:58 Horse Collar
34:57 Plate Barding Armor
34:13 Fletching
34:25 Padded Archer Armor
35:00 Heavy Plow
35:25 Paladin
37:37 Caravan
41:31 Bodkin Arrow
41:51 Leather Archer Armor
42:00 Ballistics
42:40 Chemistry
43:56 Bracer
47:00 Parthian Tactics
47:42 Heavy Cavalry Archer
48:46 Elite Skirmisher
cgho
9:29 Feudal Age
8:50 Loom
9:36 Man-at-Arms
11:35 Double-Bit Axe
14:45 Loom
18:16 Fletching
22:04 Castle Age
22:18 Bloodlines
22:47 Bodkin Arrow
25:00 Wheelbarrow
30:38 Horse Collar
32:00 Forging
32:56 Hand Cart
32:56 Gold Mining
33:19 Bow Saw
33:14 Heavy Plow
33:08 Stone Mining
35:10 Husbandry
39:04 Imperial Age
37:33 Stone Shaft Mining
37:35 Gold Shaft Mining
38:07 Padded Archer Armor
39:05 Ballistics
40:34 Conscription
39:37 Elite Mangudai
40:39 Bracer
40:55 Leather Archer Armor
40:49 Thumb Ring
41:10 Parthian Tactics
41:04 Light Cavalry
44:02 Chemistry
44:35 Scale Barding Armor
45:06 Iron Casting
45:48 Chain Barding Armor
46:04 Hussar
47:10 Capped Ram
49:23 Blast Furnace
50:09 Drill
muui
0:27 Loom
12:24 Feudal Age
17:45 Castle Age
16:26 Town Watch
16:43 Double-Bit Axe
17:35 Horse Collar
23:24 Masonry
25:28 Stone Mining
26:41 Fortified Wall
27:35 Heavy Plow
28:04 Bow Saw
29:12 Wheelbarrow
33:31 Imperial Age
31:19 Hand Cart
31:44 Bloodlines
30:54 Light Cavalry
31:35 Husbandry
32:30 Scale Barding Armor
32:35 Forging
33:30 Husbandry
33:51 Chain Barding Armor
34:29 Ballistics
35:13 Chemistry
34:33 Ballistics
34:50 Iron Casting
34:27 Heavy Camel Rider
35:27 Padded Archer Armor
37:03 Conscription
37:08 Grand Trunk Road
37:44 Hoardings
37:30 Leather Archer Armor
39:54 Siege Engineers
41:20 Ring Archer Armor
42:53 Plate Barding Armor
43:18 Blast Furnace
42:42 Shatagni
43:17 Hoardings
44:11 Two-Man Saw
43:21 Caravan
44:23 Elite Skirmisher
46:08 Blast Furnace
46:41 Elite Ghulam
48:07 Fletching
48:49 Thumb Ring
48:48 Bodkin Arrow
ZHurald ZHurdrada
10:40 Feudal Age
11:22 Man-at-Arms
11:48 Arson
14:04 Double-Bit Axe
15:56 Loom
20:59 Castle Age
20:21 Town Watch
23:54 Horse Collar
29:52 Heavy Plow
31:17 Fishing Lines
31:39 Fletching
32:37 Gold Mining
32:37 Stone Mining
32:36 Hamask
33:47 Thumb Ring
34:57 Town Patrol
35:33 Wheelbarrow
39:05 Imperial Age
37:10 Caravan
37:41 Hand Cart
38:00 Fervor
38:10 Sanctity
37:51 Bodkin Arrow
37:56 Padded Archer Armor
38:07 Forging
37:57 Scale Mail Armor
39:43 Chain Mail Armor
39:44 Leather Archer Armor
40:08 Iron Casting
40:21 Conscription
40:03 Bracer
40:38 Conscription
39:39 Elite Jomsviking
40:54 Hoardings
40:19 Cranequins
42:01 Chemistry
41:17 Squires
40:37 Elite Varangian Guard
41:40 Ballistics
41:52 Ring Archer Armor
41:37 Gambesons
43:39 Pikeman
温柔的硬骨头
7:15 Loom
9:07 Feudal Age
9:50 Double-Bit Axe
10:51 Loom
14:36 Fletching
16:51 Padded Archer Armor
16:55 Horse Collar
22:20 Castle Age
20:37 Gold Mining
22:30 Wheelbarrow
22:57 Bodkin Arrow
22:23 Crossbowman
23:37 Bow Saw
24:32 Leather Archer Armor
25:52 Town Watch
29:16 Ballistics
29:51 Thumb Ring
30:34 Stone Mining
31:41 Hand Cart
33:08 Gold Shaft Mining
36:46 Imperial Age
34:48 Heavy Plow
35:15 Murder Holes
35:33 Fortified Wall
37:11 Town Patrol
36:51 Arbalester
37:33 Bracer
38:03 Ring Archer Armor
38:41 Chemistry
38:40 Scale Mail Armor
38:51 Forging
38:04 Elite Varangian Guard
38:55 Arson
39:11 Squires
39:05 Pikeman
40:16 Conscription
39:20 Shield Wall
44:31 Halberdier
45:27 Chain Mail Armor
45:56 Treadmill Crane
47:19 Elite Skirmisher
48:55 Iron Casting
49:57 Two-Man Saw
CARANZA
2:46 Loom
15:04 Feudal Age
15:47 Double-Bit Axe
15:24 Man-at-Arms
17:53 Fletching
18:27 Horse Collar
19:19 Forging
27:13 Castle Age
30:26 Wheelbarrow
30:29 Bow Saw
33:00 Hand Cart
33:18 Gold Mining
35:10 Sanctity
35:01 Fervor
38:10 Redemption
37:47 Pikeman
38:28 Squires
42:50 Imperial Age
40:56 Long Swordsman
41:28 Long Swordsman
43:44 Block Printing
American
6:22 Loom
13:10 Feudal Age
14:08 Double-Bit Axe
15:51 Fishing Lines
18:29 Castle Age
19:37 Bow Saw
19:13 Horse Collar
19:53 Heavy Plow
21:08 Wheelbarrow
21:37 Gold Mining
23:06 Hand Cart
25:57 Caravan
28:39 Imperial Age
26:14 Stone Mining
25:58 Man-at-Arms
26:27 Gambesons
27:10 Scale Mail Armor
27:32 Forging
27:21 Long Swordsman
28:57 Stone Shaft Mining
28:43 Chain Mail Armor
28:33 Squires
28:18 Arson
28:47 Two-Handed Swordsman
29:43 Champion
30:30 Scale Barding Armor
30:55 Plate Mail Armor
31:02 Iron Casting
31:40 Two-Man Saw
31:13 Crop Rotation
30:32 Capped Ram
32:22 Conscription
32:44 Siege Engineers
34:31 Blast Furnace
33:20 Onager
38:04 Pikeman
38:37 Halberdier
44:07 Fletching
44:52 Bodkin Arrow
49:05 Fortified Wall
Connection lost

Rejoining the realm…

Still unreachable

The connection could not be restored.

Session expired

The server has moved on; the page needs a fresh start.